 Dungeon Crawl Stone Soup version 0.25.0-9-g26727b657a (webtiles) character file.

Game seed: 7249719599535305582

28595 fly the Blocker (level 13, -1/101 HPs)
             Began as a Gnoll Warper on June 19, 2020.
             Was a High Priest of Wu Jian.
             Killed by mirror damage (8 damage)
             ... on level 14 of the Dungeon.
             The game lasted 00:38:41 (18074 turns).

fly the Blocker (Gnoll Warper)                     Turns: 18074, Time: 00:38:42

Health: -1/101     AC: 15    Str: 17    XL:     13   Next: 39%
Magic:  0/26       EV: 17    Int: 20    God:    Wu Jian [*****.]
Gold:   951        SH:  0    Dex: 22    Spells: 31/31 levels left

rFire    + + +     SeeInvis +   a - +6 great sword of Coenealuy {vorpal, +Blink rF++ MR+}
rCold    + . .     Gourm    .   (shield currently unavailable)
rNeg     . . .     Faith    .   y - +4 scale mail "Vupnur" {+Inv SInv}
rPois    .         Spirit   +   (no helmet)
rElec    .         Reflect  .   q - scarf {rC+ rF+}
rCorr    .         Harm     .   (no gloves)
MR       .....                  o - +2 pair of boots
Stlth    +++.......             I - amulet "Jirero Ypae" {Spirit +Blink rF+ Int+4}
HPRegen  0.26/turn              x - +4 ring of slaying
MPRegen  0.20/turn              z - +6 ring of dexterity

@: vulnerable, studying Shields
A: distributed training, fangs 1, strong nose
a: Wall Jump, Serpent's Lash, Heavenly Storm, Renounce Religion, Evoke Blink,
Evoke Invisibility


You were on level 14 of the Dungeon.
You worshipped Wu Jian.
Wu Jian was extremely pleased with you.
You were hungry.

You visited 3 branches of the dungeon, and saw 17 of its levels.

You collected 951 gold pieces.

Inventory:

Hand Weapons
 a - the +6 great sword of Coenealuy (weapon) {vorpal, +Blink rF++ MR+}
   (You found it on level 9 of the Dungeon)

   It inflicts extra damage upon your enemies.
   It greatly protects you from fire.
   It affects your resistance to hostile enchantments.
   It lets you blink.
 b - a +2 hunting sling of freezing
 c - a +2 dire flail of venom
Missiles
 e - 3 throwing nets
 t - 7 poisoned darts
 E - 86 sling bullets
 G - 3 datura-tipped darts
 L - 3 boomerangs
 P - 7 curare-tipped darts (quivered)
Armour
 o - a +2 pair of boots (worn)
 q - a scarf of resistance (worn)
 y - the +4 scale mail "Vupnur" (worn) {+Inv SInv}
   (You found it on level 4 of the Dungeon)

   It lets you see invisible.
   It lets you turn invisible.
Jewellery
 i - an uncursed ring of protection from cold
 k - an uncursed amulet of regeneration
 s - an uncursed ring of resist corrosion
 x - a +4 ring of slaying (left hand)
 z - a +6 ring of dexterity (right hand)
 I - the amulet "Jirero Ypae" (around neck) {Spirit +Blink rF+ Int+4}
   (You took it off an orc wizard on level 5 of the Dungeon)

   [amulet of guardian spirit]

   It causes incoming damage to be split between your health and magic.
   It affects your intelligence (+4).
   It protects you from fire.
   It lets you blink.
 O - an uncursed ring of wizardry
 X - an uncursed ring of protection from magic
Wands
 A - a wand of iceblast (13)
 B - a wand of digging (5)
 C - a wand of flame (31)
 J - a wand of polymorph (6)
 S - a wand of enslavement (15)
 U - a wand of clouds (1)
Scrolls
 d - 9 scrolls of blinking
 g - 9 scrolls of remove curse
 l - 6 scrolls of enchant weapon
 m - 2 scrolls of enchant armour
 r - 3 scrolls of amnesia
 u - 2 scrolls of fog
 w - a scroll of vulnerability {unknown}
 D - 4 scrolls of immolation
 R - 2 scrolls of teleportation
 V - a scroll of magic mapping {unknown}
 W - a scroll of torment {unknown}
 Y - a scroll of fear
Potions
 h - 3 potions of curing
 j - a potion of brilliance
 n - 5 potions of might
 p - 3 potions of lignification
 F - a potion of berserk rage
 H - 3 potions of haste
 K - 2 potions of magic
 Q - a potion of flight
 T - a potion of heal wounds
 Z - 2 potions of invisibility
Books
 M - a manual of Shields
Miscellaneous
 v - a box of beasts
Comestibles
 f - 26 rations


   Skills:
 + Level 9.3 Fighting
 + Level 8.1 Short Blades
 + Level 9.3 Long Blades
 + Level 8.1 Axes
 + Level 8.1 Maces & Flails
 + Level 8.1 Polearms
 + Level 8.1 Staves
 + Level 8.1 Slings
 + Level 8.1 Bows
 + Level 8.1 Crossbows
 + Level 8.5 Throwing
 + Level 8.5 Armour
 + Level 9.3 Dodging
 + Level 8.1 Stealth
 + Level 11.0 Shields
 + Level 8.1 Unarmed Combat
 + Level 9.6 Spellcasting
 + Level 6.7 Conjurations
 + Level 6.7 Hexes
 + Level 6.7 Charms
 + Level 6.7 Summonings
 + Level 6.7 Necromancy
 + Level 8.8 Translocations
 + Level 6.7 Transmutations
 + Level 6.7 Fire Magic
 + Level 6.7 Ice Magic
 + Level 6.7 Air Magic
 + Level 6.7 Earth Magic
 + Level 6.7 Poison Magic
 + Level 8.9 Invocations
 + Level 8.1 Evocations


You had 31 spell levels left.
You didn't know any spells.
Your spell library contained the following spells:

 Spells                   Type           Power        Failure   Level  Hunger
 Corona                   Hex            #####..      1%          1    None
 Freeze                   Ice            ####         1%          1    None
 Magic Dart               Conj           ####         1%          1    None
 Sandblast                Erth           #####.       1%          1    None
 Blink                    Tloc           N/A          1%          2    None
 Call Imp                 Summ           #####...     1%          2    None
 Ensorcelled Hibernation  Hex/Ice        #####.       1%          2    None
 Passwall                 Tmut/Erth      #####...     1%          2    None
 Shroud of Golubria       Chrm/Tloc      #####.       1%          2    None
 Slow                     Hex            #####...     1%          2    None
 Gell's Gravitas          Tloc           #####.....   1%          3    None
 Lesser Beckoning         Tloc           #####.....   1%          3    None
 Teleport Other           Tloc           #####...     1%          3    None
 Confusing Touch          Hex            #####...     3%          3    None
 Conjure Flame            Conj/Fire      #####...     3%          3    None
 Dazzling Flash           Conj/Hex       #####.       3%          3    None
 Frozen Ramparts          Ice            #####.       3%          3    None
 Mephitic Cloud           Conj/Pois/Air  #####...     3%          3    None
 Ozocubu's Armour         Chrm/Ice       #####...     3%          3    None
 Stone Arrow              Conj/Erth      #####.       3%          3    None
 Tukima's Dance           Hex            #####...     3%          3    None
 Passage of Golubria      Tloc           N/A          5%          4    ##.....
 Hailstorm                Conj/Ice       #####...     12%         4    ##.....
 Petrify                  Tmut/Erth      #####...     12%         4    ##.....
 Summon Ice Beast         Ice/Summ       #####...     12%         4    ##.....
 Lee's Rapid Deconstruct  Erth           #####.....   34%         5    #####..


Dungeon Overview and Level Annotations

Branches:
Dungeon (15/15)            Temple (1/1) D:7            Lair (1/6) D:10
    Orc (0/2) D:9
 Vaults: D:13-14     Depths: D:15

Altars:
Ashenzari
Cheibriados
Elyvilon
Fedhas
Gozag
Hepliaklqana
Kikubaaqudgha
Makhleb
Okawaru
Qazlal
Ru
Sif Muna
Trog
Uskayaw
Vehumet
Wu Jian
Xom
Yredelemnul
Zin
The Shining One

Shops:
D:8 :   D:10 (

Annotations:
D:14 2 runed translucent doors


Innate Abilities, Weirdness & Mutations

Your experience applies equally to all skills.
You have very sharp teeth.
Your uncanny sense of smell can sniff out nearby items.


Message History

Press: ? - help, Shift-Dir - straight line, f/p - skeletal warrior
Aim: a skeletal warrior, wielding a +0 glaive (freezing vapour, lightly damaged)
Okay, then.
Throwing (i - inventory. (/) - cycle)
P - 8 curare-tipped darts (quivered)
Press: ? - help, Shift-Dir - straight line, f - death knight, p - skeletal warrior
Aim: a death knight, wielding a +0 broad axe and wearing a +0 chain mail (freezing vapour, lightly wounded, reflecting injuries)
You throw a curare-tipped dart.
The curare-tipped dart hits the death knight.
The death knight is poisoned.
The death knight convulses.
The death knight seems to slow down.
The death knight is moderately wounded.
The death knight reflects your damage back at you!
* * * LOW HITPOINT WARNING * * *
The death knight is engulfed in freezing vapours.
The death knight reflects your damage back at you!
* * * LOW HITPOINT WARNING * * *
You slash the death knight! Your bite misses the death knight.
The death knight is severely wounded.
The death knight reflects your damage back at you!
You die...

..###.#######.#.#.#..##
#.............#.#.#...#
.......########.#.#...#
######.# ........# #
#... ....#.... # #
##### #.####.##.### #
#. #....pz# #
#.#.####§# #...@p§zW#
#..#####§# #. #.# # #.#
###### ####.# ....a####
#....# .#.#u...# #.####
.#.#....# #.#
##.###u.#####. #.# ∆


You could see a death knight (reflects damage, very poisoned, slow), a skeletal
warrior and a freezing wraith.

Vanquished Creatures
  Snorg (D:14)
  A hydra (D:11)
  3 two-headed ogres
  3 centaur warriors (D:13)
  An unseen horror (D:10)
  A phantasmal warrior (D:14)
  4 manticores
  7 ugly things
  A deep elf mage (D:13)
  2 cyclopes (D:13)
  3 centaur zombies
  3 gargoyles
  A freezing wraith (D:14)
  2 trolls
  A merfolk (D:11)
  A hornet (D:10)
  A wind drake (shapeshifter) (D:14)
  13 slime creatures
  6 hippogriffs
  The ghost of Xye the Stinger, an amateur DEVM of Vehumet (D:4)
  2 wyverns
  6 yaks
  3 wraiths
  A vampire (D:12)
  2 steam dragons (D:10)
  4 basilisks
  A hungry ghost (D:6)
  5 vampire mosquitoes
  Edmund (D:6)
  2 porcupines
  A water moccasin (D:7)
  A soldier ant (shapeshifter) (D:15)
  8 orc warriors
  5 ice beasts
  A black bear (D:8)
  A phantom (D:7)
  A necrophage (D:11)
  5 centaurs
  5 ogres
  A crocodile (Lair:1)
  2 big kobolds (D:11)
  Blork the orc (D:6)
  9 bullfrogs
  2 gnoll sergeants
  A wyvern skeleton (D:13)
  3 scorpions
  4 wights (D:13)
  3 howler monkeys
  8 crimson imps
  A bullfrog zombie (D:13)
  7 hounds
  3 quasits
  A gnoll shaman (D:4)
  3 jellies
  4 orc priests
  A centaur skeleton (D:6)
  23 orc wizards
  Terence (D:3)
  4 iguanas
  10 worker ants
  A hound skeleton (D:4)
  20 gnolls
  11 adders
  8 shadow imps
  An ooze (D:2)
  2 adder zombies
  An adder skeleton (D:7)
  5 worms
  2 dart slugs
  8 leopard geckos
  50 orcs
  5 bats
  4 giant cockroaches
  5 goblins
  4 hobgoblins
  2 jackals (D:3)
  4 quokkas
  5 ball pythons
  10 frilled lizards
  A giant cockroach zombie (D:6)
  A jackal skeleton (D:6)
  11 kobolds
  12 rats
376 creatures vanquished.

Vanquished Creatures (others)
  A wight (D:13)
  5 plants (D:4)
6 creatures vanquished.

Grand Total: 382 creatures vanquished

Notes
Turn   | Place    | Note
-------+----------+-------------------------------------------
     0 | D:1      | fly the Gnoll Warper began the quest for the Orb.
     0 | D:1      | Reached XP level 1. HP: 20/20 MP: 6/6
   174 | D:1      | Reached XP level 2. HP: 24/26 MP: 7/7
   812 | D:2      | Reached XP level 3. HP: 28/31 MP: 7/9
   862 | D:2      | Reached skill level 5 in Spellcasting
  1246 | D:2      | Reached skill level 1 in Invocations
  1283 | D:2      | Reached skill level 1 in Short Blades
  1283 | D:2      | Reached skill level 1 in Axes
  1283 | D:2      | Reached skill level 1 in Maces & Flails
  1283 | D:2      | Reached skill level 1 in Polearms
  1283 | D:2      | Reached skill level 1 in Staves
  1283 | D:2      | Reached skill level 1 in Slings
  1283 | D:2      | Reached skill level 1 in Bows
  1283 | D:2      | Reached skill level 1 in Crossbows
  1283 | D:2      | Reached skill level 1 in Stealth
  1283 | D:2      | Reached skill level 1 in Shields
  1283 | D:2      | Reached skill level 1 in Unarmed Combat
  1283 | D:2      | Reached skill level 1 in Evocations
  1283 | D:2      | Reached XP level 4. HP: 35/38 MP: 11/11
  2360 | D:3      | Found a hide-covered altar of Uskayaw.
  2882 | D:3      | Noticed Terence
  2895 | D:3      | Reached skill level 1 in Conjurations
  2895 | D:3      | Reached skill level 1 in Hexes
  2895 | D:3      | Reached skill level 1 in Charms
  2895 | D:3      | Reached skill level 1 in Summonings
  2895 | D:3      | Reached skill level 1 in Necromancy
  2895 | D:3      | Reached skill level 1 in Transmutations
  2895 | D:3      | Reached skill level 1 in Fire Magic
  2895 | D:3      | Reached skill level 1 in Ice Magic
  2895 | D:3      | Reached skill level 1 in Air Magic
  2895 | D:3      | Reached skill level 1 in Earth Magic
  2895 | D:3      | Reached skill level 1 in Poison Magic
  2908 | D:3      | Killed Terence
  2908 | D:3      | Reached XP level 5. HP: 33/43 MP: 9/12
  3310 | D:3      | Found a hazy altar of Hepliaklqana.
  3385 | D:4      | Found a white marble altar of Elyvilon.
  3446 | D:4      | Noticed Xye's ghost (amateur DEVM)
  3499 | D:4      | Got a bloodstained scale mail
  3517 | D:4      | Noticed an ogre
  3537 | D:4      | Killed an ogre
  3537 | D:4      | Reached XP level 6. HP: 50/50 MP: 14/14
  3549 | D:4      | Identified the +4 scale mail "Vupnur" {+Inv SInv} (You
                  | found it on level 4 of the Dungeon)
  3574 | D:4      | Found a transporter.
  3703 | D:4      | Found a burning altar of Makhleb.
  3703 | D:4      | Noticed an Executioner
  3706 | D:4      | Noticed a neqoxec
  3706 | D:4      | Noticed an orange demon
  3735 | D:4      | Reached skill level 5 in Fighting
  3735 | D:4      | Reached skill level 5 in Long Blades
  3735 | D:4      | Reached skill level 5 in Dodging
  3735 | D:4      | Reached skill level 2 in Shields
  4014 | D:4      | Found a transporter.
  4179 | D:4      | Killed Xye's ghost
  4179 | D:4      | Reached XP level 7. HP: 41/56 MP: 12/15
  4311 | D:5      | Entered Level 5 of the Dungeon
  4906 | D:5      | Reached skill level 3 in Shields
  5141 | D:5      | Identified the amulet "Jirero Ypae" {Spirit +Blink rF+
                  | Int+4}
  5146 | D:5      | Reached XP level 8. HP: 62/63 MP: 14/16
  5201 | D:5      | Found a blossoming altar of Fedhas.
  5337 | D:5      | Found a basalt altar of Yredelemnul.
  5442 | D:5      | You fall into a shaft and drop 1 floor!
  5899 | D:6      | Found a radiant altar of Vehumet.
  5955 | D:6      | Noticed Edmund
  5967 | D:6      | Killed Edmund
  6136 | D:6      | Noticed Blork the orc
  6144 | D:6      | Killed Blork the orc
  6637 | D:7      | Reached skill level 4 in Shields
  6697 | D:7      | Noticed a hippogriff
  6708 | D:7      | Killed a hippogriff
  6755 | D:7      | Found a staircase to the Ecumenical Temple.
  6781 | D:7      | Reached XP level 9. HP: 68/69 MP: 18/18
  6786 | Temple   | Entered the Ecumenical Temple
  7024 | Temple   | Became a worshipper of the Wu Jian Council
  7149 | D:7      | Reached skill level 5 in Shields
  7180 | D:7      | Found a snail-covered altar of Cheibriados.
  7306 | D:7      | Reached skill level 5 in Throwing
  7306 | D:7      | Reached skill level 5 in Armour
  7769 | D:8      | Reached * piety under Wu Jian
  7834 | D:8      | Reached skill level 5 in Invocations
  7861 | D:8      | Found Ugeopp's Book Boutique.
  7870 | D:8      | Reached skill level 6 in Shields
  8061 | D:8      | Reached XP level 10. HP: 77/77 MP: 20/20
  9245 | D:9      | Got a faintly glowing great sword
  9246 | D:9      | Identified the +6 great sword of Coenealuy {vorpal, +Blink
                  | rF++ MR+} (You found it on level 9 of the Dungeon)
  9265 | D:9      | Reached skill level 5 in Short Blades
  9265 | D:9      | Reached skill level 5 in Axes
  9265 | D:9      | Reached skill level 5 in Maces & Flails
  9265 | D:9      | Reached skill level 5 in Polearms
  9265 | D:9      | Reached skill level 5 in Staves
  9265 | D:9      | Reached skill level 5 in Slings
  9265 | D:9      | Reached skill level 5 in Bows
  9265 | D:9      | Reached skill level 5 in Crossbows
  9265 | D:9      | Reached skill level 5 in Stealth
  9265 | D:9      | Reached skill level 5 in Unarmed Combat
  9265 | D:9      | Reached skill level 5 in Evocations
  9562 | D:9      | Found a staircase to the Orcish Mines.
  9783 | D:9      | Reached skill level 7 in Shields
 10196 | D:10     | Entered Level 10 of the Dungeon
 10211 | D:10     | Reached ** piety under Wu Jian
 10481 | D:10     | Noticed a gargoyle
 10483 | D:10     | Killed a gargoyle
 10693 | D:10     | Reached XP level 11. HP: 67/84 MP: 18/22
 10787 | D:10     | Found a staircase to the Lair.
 10815 | D:10     | Reached skill level 8 in Shields
 11022 | D:10     | Found Bake's Antique Weapon Emporium.
 11211 | D:10     | Reached skill level 5 in Conjurations
 11211 | D:10     | Reached skill level 5 in Hexes
 11211 | D:10     | Reached skill level 5 in Charms
 11211 | D:10     | Reached skill level 5 in Summonings
 11211 | D:10     | Reached skill level 5 in Necromancy
 11211 | D:10     | Reached skill level 5 in Transmutations
 11211 | D:10     | Reached skill level 5 in Fire Magic
 11211 | D:10     | Reached skill level 5 in Ice Magic
 11211 | D:10     | Reached skill level 5 in Air Magic
 11211 | D:10     | Reached skill level 5 in Earth Magic
 11211 | D:10     | Reached skill level 5 in Poison Magic
 11387 | D:10     | Noticed an unseen horror
 11395 | D:10     | Killed an unseen horror
 11728 | D:11     | Reached *** piety under Wu Jian
 12019 | D:11     | Noticed a four-headed hydra
 12028 | D:11     | Killed a four-headed hydra
 12428 | D:11     | Noticed a two-headed ogre
 12446 | D:11     | Killed a two-headed ogre
 13102 | Lair:1   | Entered Level 1 of the Lair of Beasts
 13147 | D:12     | Noticed a manticore
 13151 | D:12     | Killed a manticore
 13151 | D:12     | Reached skill level 9 in Shields
 13798 | D:12     | You fall into a shaft and drop 3 floors!
 13798 | D:15     | Entered Level 15 of the Dungeon
 13813 | D:15     | Reached XP level 12. HP: 93/93 MP: 24/24
 13818 | D:15     | Noticed a two-headed ogre
 13827 | D:15     | Killed a two-headed ogre
 13872 | D:15     | Noticed a two-headed ogre
 13881 | D:15     | Killed a two-headed ogre
 14647 | D:12     | Found a sacrificial altar of Ru.
 15143 | D:12     | Reached **** piety under Wu Jian
 15149 | D:12     | Reached skill level 10 in Shields
 15488 | D:13     | Noticed a centaur warrior
 15510 | D:13     | Noticed a centaur warrior
 15522 | D:13     | Killed a centaur warrior
 15525 | D:13     | Killed a centaur warrior
 15563 | D:13     | Noticed a centaur warrior
 15576 | D:13     | Killed a centaur warrior
 16469 | D:13     | Reached XP level 13. HP: 94/101 MP: 23/26
 17132 | D:14     | Noticed Snorg
 17399 | D:14     | Killed Snorg
 17834 | D:14     | Found a large runed translucent door.
 17835 | D:14     | Found a large runed translucent door.
 17893 | D:14     | Reached skill level 11 in Shields
 18069 | D:14     | Reached ***** piety under Wu Jian
 18074 | D:14     | Killed by mirror damage

Illustrated notes

Levels and vault maps discovered:
D:1:      dpeg_arrival_windows_large_door, layout_loops_cross
D:2:      layout_rooms, serial_co_window_serial, co_window_of_opportunity_a,
          co_window_cross_1, co_window_paths_a, co_window_paths_b,
          co_window_of_opportunity_a, co_window_of_opportunity_a,
          co_window_cross_1, co_window_broadway_a, co_window_corner_b,
          co_window_corner_cb, co_window_broadway_a, co_window_2corner,
          co_window_2corner, glass_columns_b, glass_columns_c, first_ration,
          kennysheep_generic_room_11
D:3:      layout_loops_corners, lemuel_round_altar, lemuel_round_altar,
          minmay_quantized, uniq_terence
D:4:      layout_cave_pools, overflow_temple_1_default,
          makhleb_altar_promises_db, gammafunk_ghost_gnarly_gnolls
D:5:      layout_layer_cave, old_standard_altar, fedhas_altar_2
D:6:      layout_basic, vehumet_altar_wand_db, uniq_blork_the_orc, uniq_edmund
D:7:      layout_basic, minmay_temple_entry_arrows, basic_altar,
          hangedman_decor_growths
D:8:      layout_rooms, nicolae_overflow_hidden_temple, serial_shops, shop
D:9:      layout_roguey, david_orc_4
D:10:     minmay_flawed_box, layout_irregular_city, minmay_lair_entry_grove,
          serial_shops, nicolae_shop_trees
D:11:     layout_basic, hangedman_fish_farm
D:12:     layout_roguey, nicolae_ru_the_path_less_chosen
D:13:     layout_basic, chequers_serial_rivers_micro_c
D:14:     doesnt_quadruple_sword, layout_loops_ring,
          lightli_vaults_fourway_checkpoint, grunt_decor_cap,
          serial_bayou_pond_d, uniq_snorg
D:15:     grunt_enter_depths_hoard, layout_basic, bh_walls_and_bars
Temple:   regret_index_temple_generic_petals
Lair:1:   layout_regular_city

Skill      XL: |  1  2  3  4  5  6  7  8  9 10 11 12 13 |
---------------+----------------------------------------+-----
Spellcasting   | 5 6 7 8 9 |  9.6
Invocations    | 1 2 3 4 5 6 7 8 |  8.9
Short Blades   | 1 2 3 4 5 6 7 8 |  8.1
Axes           | 1 2 3 4 5 6 7 8 |  8.1
Maces & Flails | 1 2 3 4 5 6 7 8 |  8.1
Polearms       | 1 2 3 4 5 6 7 8 |  8.1
Staves         | 1 2 3 4 5 6 7 8 |  8.1
Slings         | 1 2 3 4 5 6 7 8 |  8.1
Bows           | 1 2 3 4 5 6 7 8 |  8.1
Crossbows      | 1 2 3 4 5 6 7 8 |  8.1
Stealth        | 1 2 3 4 5 6 7 8 |  8.1
Shields        | 1 2 3 4 6 7 9 10 11 | 11.0
Unarmed Combat | 1 2 3 4 5 6 7 8 |  8.1
Evocations     | 1 2 3 4 5 6 7 8 |  8.1
Conjurations   | 1 2 3 4 5 6 |  6.7
Hexes          | 1 2 3 4 5 6 |  6.7
Charms         | 1 2 3 4 5 6 |  6.7
Summonings     | 1 2 3 4 5 6 |  6.7
Necromancy     | 1 2 3 4 5 6 |  6.7
Transmutations | 1 2 3 4 5 6 |  6.7
Fire Magic     | 1 2 3 4 5 6 |  6.7
Ice Magic      | 1 2 3 4 5 6 |  6.7
Air Magic      | 1 2 3 4 5 6 |  6.7
Earth Magic    | 1 2 3 4 5 6 |  6.7
Poison Magic   | 1 2 3 4 5 6 |  6.7
Throwing       | 3 4 5 6 7 8 |  8.5
Armour         | 3 4 5 6 7 8 |  8.5
Fighting       | 5 6 7 8 9 |  9.3
Long Blades    | 5 6 7 8 9 |  9.3
Dodging        | 5 6 7 8 9 |  9.3
Translocations | 6 7 8 |  8.8

Action                   |  1- 3 |  4- 6 |  7- 9 | 10-12 | 13-15 || total
-------------------------+-------+-------+-------+-------+-------++-------
Melee: Falchion          |    99 |   104 |       |       |       ||   203
       Bite              |    10 |    15 |    23 |    73 |    24 ||   145
       Punch             |       |     3 |     6 |     1 |     1 ||    11
       War axe           |       |    51 |   220 |    38 |       ||   309
       Long sword        |       |       |    13 |       |       ||    13
       Unarmed           |       |       |     3 |       |       ||     3
       Great sword       |       |       |       |   355 |    81 ||   436
       Dire flail        |       |       |       |     3 |       ||     3
       Hunting sling     |       |       |       |       |     3 ||     3
 Fire: Fustibalus        |       |       |       |    52 |       ||    52
       Hunting sling     |       |       |       |    24 |    35 ||    59
Throw: Dart              |       |     6 |       |     1 |     1 ||     8
Invok: Lunge             |       |       |     5 |    42 |     3 ||    50
       Whirlwind         |       |       |     3 |    15 |     2 ||    20
Evoke: Wand              |       |     7 |    19 |     8 |     8 ||    42
  Use: Scroll            |       |     1 |    10 |     9 |     2 ||    22
       Potion            |       |     1 |       |       |       ||     1
 Stab: Sleeping          |     2 |     1 |     1 |     8 |       ||    12
       Distracted        |       |       |       |     2 |       ||     2
  Eat: Chunk             |     1 |     9 |    14 |    26 |     5 ||    55
Armor: Leather armour    |    25 |    24 |       |       |       ||    49
       Scale mail        |       |    15 |   149 |   149 |    30 ||   343
Dodge: Dodged            |    70 |   128 |   231 |   347 |    72 ||   848
       Rpst.: Falchion   |    17 |    20 |       |       |       ||    37
       Long sword        |       |       |     5 |       |       ||     5
       Great sword       |       |       |       |    86 |    11 ||    97
